 Dungeon Crawl Stone Soup version 0.26.0-10-g1f06aea511 (console) character file.

Game seed: 12305522293924883425

1401 doot the Destroyer (level 8, -1/42 HPs)
             Began as a Deep Elf Conjurer on Feb 4, 2021.
             Was a Priest of Sif Muna.
             Slain by a hornet zombie (7 damage)
             ... on level 7 of the Dungeon.
             The game lasted 00:10:20 (7054 turns).

doot the Destroyer (Deep Elf Conjurer)              Turns: 7054, Time: 00:10:21

Health: -1/42      AC:  4    Str:  4    XL:     8   Next: 41%
Magic:  7/21       EV: 13    Int: 26    God:    Sif Muna [***...]
Gold:   292        SH:  0    Dex: 13    Spells: 10/21 levels left

rFire    + . .     SeeInvis .   q - staff of poison
rCold    + . .     Faith    +   (no shield)
rNeg     . . .     Spirit   .   a - +0 robe
rPois    +         Reflect  .   H - +0 helmet
rElec    .         Harm     .   (no cloak)
rCorr    .         Rampage  .   (no gloves)
Will     .....                  l - +0 pair of boots
Stlth    +++.......             n - amulet of faith
HPRegen  0.14/turn              E - ring of protection from fire
MPRegen  0.17/turn              p - ring of protection from cold

@: no status effects
A: no striking features
a: Renounce Religion, Channel Magic, Forget Spell


You were on level 7 of the Dungeon.
You worshipped Sif Muna.
Sif Muna was most pleased with you.
You visited 2 branches of the dungeon, and saw 8 of its levels.

You collected 292 gold pieces.

Inventory:

Hand Weapons
 c - a +0 dagger
Armour
 a - a +0 robe (worn)
 l - a +0 pair of boots (worn)
 H - a +0 helmet (worn)
Magical Staves
 q - an uncursed staff of poison (weapon)
Jewellery
 n - an amulet of faith (around neck)
 p - a ring of protection from cold (right hand)
 x - a cursed amulet of inaccuracy {unknown}
 z - an uncursed ring of resist corrosion
 C - a +4 ring of slaying
 E - a ring of protection from fire (left hand)
 F - an uncursed amulet of reflection {unknown}
 J - a +6 ring of dexterity
Wands
 u - a wand of polymorph (16)
 D - a wand of flame (20)
 K - a wand of digging (7)
Scrolls
 b - a scroll of fear {unknown}
 e - 6 scrolls of identify {unknown}
 i - a scroll of fog {unknown}
 k - 3 scrolls of enchant weapon {unknown}
 m - 3 scrolls of enchant armour {unknown}
 s - a scroll of noise {unknown}
 v - 2 scrolls of remove curse {unknown}
 w - 2 scrolls of magic mapping {unknown}
 y - a scroll of teleportation {unknown}
 A - a scroll of random uselessness {unknown}
 I - a scroll of blinking {unknown}
Potions
 d - 3 potions of curing {unknown}
 f - 2 potions of berserk rage {unknown}
 g - 3 potions of magic {unknown}
 h - 2 potions of mutation {unknown}
 j - 2 potions of heal wounds {unknown}
 o - 2 potions of cancellation {unknown}
 r - a potion of flight {unknown}
 t - a potion of degeneration {unknown}
 B - a potion of lignification {unknown}
 G - a potion of attraction {unknown}


   Skills:
 + Level 0.7 Fighting
 + Level 3.7 Dodging
 + Level 5.0 Stealth
 + Level 7.3 Spellcasting
 + Level 8.7 Conjurations
 + Level 1.6 Hexes
 + Level 0.6 Translocations
 * Level 3.3 Invocations


You had 10 spell levels left.
You knew the following spells:

 Your Spells              Type           Power        Failure   Level
a - Magic Dart            Conj           100%         1%          1
b - Searing Ray           Conj           100%         1%          2
c - Fulminant Prism       Conj/Hex       18%          7%          4
d - Iskenderun's Mystic   Conj/Tloc      34%          9%          4

Your spell library contained the following spells:

 Spells                   Type           Power        Failure   Level
 Dazzling Flash           Conj/Hex       72%          2%          3
 Corona                   Hex            20%          3%          1
 Ensorcelled Hibernation  Hex/Ice        26%          6%          2
 Confusing Touch          Hex            18%          9%          3
 Tukima's Dance           Hex            18%          9%          3


Dungeon Overview and Level Annotations

Branches:
Dungeon (7/15)             Temple (1/1) D:5

Altars:
Ashenzari
Cheibriados
Dithmenos
Elyvilon
Fedhas
Gozag
Hepliaklqana
Kikubaaqudgha
Nemelex Xobeh
Okawaru
Qazlal
Ru
Sif Muna
Trog
Vehumet
Wu Jian
Xom
Yredelemnul
Zin
The Shining One
Lugonu

Annotations:
D:3 1 runed translucent door, Raspi's ghost, amateur BaFi


Message History

The searing ray misses the hornet zombie. (Press . to maintain the ray.)
The hornet zombie hits you.
* * * LOW HITPOINT WARNING * * *
Evoke which item? (* to show all) (? for menu, Esc to quit)
Aiming: Polymorph
Press: ? - help, Shift-Dir - straight line, f - you, p - hornet zombie You can't see any hostile targets that would be affected.
Okay, then.
Unknown command.
Evoke which item? (* to show all) (? for menu, Esc to quit)
Aiming: Throw Flame
Press: ? - help, Shift-Dir - straight line, f/p - hornet zombie
Aim: a hornet zombie (severely damaged, 28% to evade)
The puff of flame hits the hornet zombie.
The hornet zombie is severely damaged.
The hornet zombie hits you.
* * * LOW HITPOINT WARNING * * *
The hornet zombie hits you!
You die...

##.# #..## #?..##
######....##
#..........#####
#..........#....
#............#
#............##
#..........#..##.#
##......(.@Z..[..#
#.......†).#.......
#.....<...†##......
#......<..(# /.#...
#.........(## .# #.
#...).............
##........#.#/#.##
##.†....##.# #..
##.##### .# #.# ##
#.#


You could see a hornet zombie.

Vanquished Creatures
  Sigmund (D:3)
  2 orc warriors
  2 sky beasts
  An ogre (D:5)
  A centaur (D:5)
  A big kobold (D:7)
  A bullfrog (D:6)
  A howler monkey (D:5)
  A quasit (D:5)
  A centaur zombie (D:5)
  3 orc wizards (D:4)
  2 orc priests
  A hound (D:4)
  A worker ant (D:5)
  A hound skeleton (D:4)
  8 gnolls
  6 adders
  A shadow imp (D:5)
  An ooze (D:6)
  An adder zombie (D:4)
  An adder skeleton (D:6)
  2 dart slugs
  8 leopard geckos
  9 orcs
  8 bats
  8 giant cockroaches
  12 goblins
  5 hobgoblins
  15 jackals
  2 quokkas (D:5)
  3 frilled lizards
  7 kobolds
  2 leopard gecko zombies (D:5)
  3 rats
122 creatures vanquished.

Vanquished Creatures (others)
  9 fulminant prisms
  A withered plant (D:6)
10 creatures vanquished.

Grand Total: 132 creatures vanquished

Notes
Turn   | Place    | Note
-------+----------+-------------------------------------------
     0 | D:1      | doot the Deep Elf Conjurer began the quest for the Orb.
     0 | D:1      | Reached XP level 1. HP: 10/10 MP: 6/6
   356 | D:2      | Reached skill level 5 in Conjurations
   356 | D:2      | Reached XP level 2. HP: 15/15 MP: 4/8
   393 | D:2      | Learned a level 2 spell: Searing Ray
   555 | D:2      | Reached XP level 3. HP: 19/19 MP: 5/9
  1138 | D:3      | Found a runed translucent door.
  1138 | D:3      | Noticed Raspi's ghost (amateur BaFi)
  1244 | D:4      | Reached XP level 4. HP: 23/24 MP: 4/11
  1303 | D:4      | Learned a level 4 spell: Fulminant Prism
  1553 | D:4      | Reached skill level 6 in Conjurations
  1561 | D:4      | Reached XP level 5. HP: 28/28 MP: 3/12
  1632 | D:4      | Learned a level 4 spell: Iskenderun's Mystic Blast
  1702 | D:4      | Found a broken altar of Ashenzari.
  1707 | D:4      | Found a glowing golden altar of the Shining One.
  1708 | D:4      | Found a blossoming altar of Fedhas.
  1709 | D:4      | Found a hazy altar of Hepliaklqana.
  1710 | D:4      | Found a sacrificial altar of Ru.
  1711 | D:4      | Found an iron altar of Okawaru.
  1712 | D:4      | Found an ornate altar of the Wu Jian Council.
  2095 | D:5      | Entered Level 5 of the Dungeon
  2119 | D:5      | Noticed an ogre
  2132 | D:5      | Killed an ogre
  2133 | D:5      | Reached skill level 7 in Conjurations
  2133 | D:5      | Reached XP level 6. HP: 32/32 MP: 2/14
  2488 | D:5      | Found a staircase to the Ecumenical Temple.
  2500 | Temple   | Entered the Ecumenical Temple
  2540 | Temple   | Became a worshipper of Sif Muna the Loreminder
  2597 | D:5      | Found a shimmering altar of Xom.
  2639 | D:5      | Found a shimmering altar of Xom.
  2639 | D:5      | Found a shimmering altar of Xom.
  2648 | D:5      | Found a shimmering altar of Xom.
  3236 | D:1      | Reached skill level 5 in Spellcasting
  3450 | D:2      | Reached * piety under Sif Muna
  3489 | D:2      | Found a snail-covered altar of Cheibriados.
  4634 | D:3      | Noticed Sigmund
  4638 | D:3      | Killed Sigmund
  4639 | D:3      | Reached skill level 1 in Invocations
  4639 | D:3      | Reached XP level 7. HP: 36/36 MP: 8/17
  5136 | D:5      | Reached skill level 8 in Conjurations
  5290 | D:5      | Found a glowing silver altar of Zin.
  5333 | D:5      | Found an ancient bone altar of Kikubaaqudgha.
  5694 | D:6      | Reached skill level 1 in Hexes
  5699 | D:6      | Reached ** piety under Sif Muna
  5884 | D:6      | Found an opulent altar of Gozag.
  5940 | D:6      | Reached XP level 8. HP: 42/42 MP: 16/19
  5964 | D:6      | Found a stormy altar of Qazlal.
  6114 | D:5      | Reached skill level 5 in Stealth
  6709 | D:6      | Found a basalt altar of Yredelemnul.
  7004 | D:7      | Reached *** piety under Sif Muna
  7054 | D:7      | Slain by a hornet zombie

Illustrated notes

Levels and vault maps discovered:
D:1:      ebering_hopf_link, layout_loops_ring
D:2:      layout_loops_ring, kennysheep_slug_shrine
D:3:      cheibrodos_greedy_goblins, layout_basic, ebering_ghost_inner_flame,
          uniq_sigmund
D:4:      layout_basic, minitemple, eino_small_chamber_without_monster
D:5:      layout_gridville, xom_redecorated, zin_statuary,
          general_overflow_altar, minmay_temple_entry_statues_fountains,
          minmay_misc_feat_cross
D:6:      layout_cave_pools, lemuel_coloured_pillars_altar,
          overflow_temple_1_default, yredelemnul_altar_generic,
          minmay_diced_spiral
D:7:      layout_rooms, eat_drink_and_be_merry_uskayaw, basic_altar,
          enter_bailey_3, uniq_crazy_yiuf_cottage
Temple:   corrupted_temple

Skill      XL: |  1  2  3  4  5  6  7  8 |
---------------+-------------------------+-----
Conjurations   | 5 6 7 8 |  8.7
Spellcasting   | 4 5 6 7 |  7.3
Stealth        | 3 4 5 |  5.0
Dodging        | 3 |  3.7
Invocations    | 1 2 3 |  3.3
Hexes          | 1 |  1.6
Fighting       | |  0.7
Translocations | |  0.6

Action                   |  1- 3 |  4- 6 |  7- 9 || total
-------------------------+-------+-------+-------++-------
Melee: Staff             |       |     1 |     5 ||     6
 Cast: Magic Dart        |    27 |     2 |     2 ||    31
       Searing Ray       |     8 |    37 |    28 ||    73
       Fulminant Prism   |       |     3 |     6 ||     9
       Iskenderun's Myst |       |     2 |    10 ||    12
Invok: Channel Magic     |       |       |     1 ||     1
Evoke: Wand              |       |       |     1 ||     1
Armor: Robe              |     2 |     1 |    17 ||    20
Dodge: Dodged            |     5 |    12 |    46 ||    63
